 Dungeon Crawl Stone Soup version 0.31.0-32-g396128a36d (webtiles) character file.

Game seed: 928249779363648487

3329 PaiMei the Purveyor of Pain (level 9, -1/68 HPs)
             Began as a Demonspawn Necromancer on Mar 25, 2024.
             Was an Initiate of Kikubaaqudgha.
             Slain by a seven-headed hydra (5 damage)
             ... on level 8 of the Dungeon.
             The game lasted 00:19:42 (12466 turns).

PaiMei the Purveyor of Pain (DsNe)                 Turns: 12466, Time: 00:19:42

Health: -1/68      AC: 16    Str:  8    XL:     9   Next: 71%
Magic:  15/18      EV: 14    Int: 19    God:    Kikubaaqudgha [......]
Gold:   384        SH:  0    Dex: 15    Spells: 8/21 levels left

rFire   . . .        w - +0 short sword (drain)
rCold   . . .        (no shield)
rNeg    . . .        j - +0 leather armour
rPois   .            (no helmet)
rElec   .            C - scarf {repulsion}
rCorr   .            i - +0 pair of gloves
SInv    .            (no boots)
Will    .....        t - amulet of regeneration
Stlth   ++           (no ring)
HPRegen 1.11/turn    (no ring)
MPRegen 0.16/turn

%: repel missiles
@: sanguine armoured
A: hooves 1, ignite blood 1, powered by pain 1, sanguine armour 3
a: Renounce Religion


You were on level 8 of the Dungeon.
You worshipped Kikubaaqudgha.
Kikubaaqudgha was noncommittal.
You visited 1 branch of the dungeon, and saw 8 of its levels.

You collected 384 gold pieces.

Inventory:

Hand Weapons
 u - a +0 dagger of draining
 w - a +0 short sword of draining (weapon)
 y - a +1 dagger of venom
Missiles
 k - a throwing net
 D - 2 poisoned darts (quivered)
 E - a curare-tipped dart
Armour
 i - a +0 pair of gloves (worn)
 j - a +0 leather armour (worn)
 C - a scarf of repulsion (worn)
 H - a +0 hat
 I - a +2 kite shield
Jewellery
 t - an amulet of regeneration (around neck)
 x - an amulet of faith
Wands
 c - a wand of charming (12)
 A - a wand of roots (12)
Scrolls
 a - a scroll of enchant armour {unknown}
 d - 2 scrolls of poison {unknown}
 e - 2 scrolls of revelation {unknown}
 g - 2 scrolls of identify
 l - 8 scrolls of teleportation
 m - a scroll of fog {unknown}
 o - 2 scrolls of vulnerability {unknown}
 p - 2 scrolls of immolation
 s - 2 scrolls of enchant weapon {unknown}
 v - a scroll of amnesia {unknown}
 z - a scroll of fear {unknown}
Potions
 b - 2 potions of magic
 f - 4 potions of brilliance {unknown}
 h - 4 potions of lignification {unknown}
 n - 2 potions of curing {unknown}
 q - 2 potions of degeneration {unknown}
 r - 2 potions of haste {unknown}
 B - a potion of ambrosia {unknown}
 F - a potion of berserk rage {unknown}
 G - a potion of heal wounds {unknown}


   Skills:
 + Level 5.6 Fighting
 + Level 6.5 Dodging
 - Level 4.1 Stealth
 + Level 6.5 Spellcasting
 + Level 8.8 Necromancy


You had 8 spell levels left.
You knew the following spells:

 Your Spells              Type           Power      Damage    Failure   Level
a - Necrotise             Necr           100%       1d9       1%          1
b - Vampiric Draining     Necr           39%        2d8       1%          3
c - Animate Dead          Necr           39%        N/A       4%          4
d - Curse of Agony        Necr           39%        N/A       12%         5

Your spell library contained the following spells:

 Spells                   Type           Power      Damage    Failure   Level
 Sublimation of Blood     Necr           39%        N/A       1%          2
 Kiss of Death            Conj/Necr      92%        2d12      2%          1
 Apportation              Tloc           12%        N/A       16%         1
 Magic Dart               Conj           24%        1d4       16%         1
 Shock                    Conj/Air       24%        1d4       16%         1
 Blink                    Tloc           12%        N/A       24%         2
 Call Imp                 Summ           12%        N/A       24%         2
 Jinxbite                 Hex            12%        N/A       24%         2
 Searing Ray              Conj           12%        2d4       24%         2
 Call Canine Familiar     Summ           6%         N/A       43%         3
 Sigil of Binding         Hex            6%         N/A       43%         3
 Swiftness                Air            6%         N/A       43%         3
 Airstrike                Air            3%         2d(1-17)  83%         4
 Dimensional Bullseye     Hex/Tloc       3%         N/A       83%         4
 Fulminant Prism          Conj/Alch      3%         3d5       83%         4
 Alistair's Intoxication  Alch           4%         N/A       99%         5


Dungeon Overview and Level Annotations

Branches:
Dungeon (8/15)             Temple (0/1) D:7
   Lair: D:8-11

Altars:
Cheibriados
Fedhas
Gozag
Kikubaaqudgha
Makhleb
Ru
Sif Muna
Uskayaw
Yredelemnul

Shops:
D:2 [

Annotations:
D:3 Sigmund
D:6 3 runed translucent doors, jimmypageman's ghost, amateur MiFi


Innate Abilities, Weirdness & Mutations

You have large cloven feet.
Your demonic aura sometimes causes spilled blood to erupt in flames.
You sometimes gain a little power by taking damage.
When seriously injured, your blood forms very thick armour. (AC +12)


Message History

The seven-headed hydra barely misses you.
The seven-headed hydra completely misses you.
The seven-headed hydra bites you! The seven-headed hydra bites you.
* * * LOW HITPOINT WARNING * * *
The seven-headed hydra bites you but does no damage. x2
The seven-headed hydra attacks as it pursues you!
The seven-headed hydra bites you but does no damage.
The seven-headed hydra closely misses you.
The seven-headed hydra completely misses you.
The seven-headed hydra closely misses you.
The seven-headed hydra bites you.
* * * LOW HITPOINT WARNING * * *
The seven-headed hydra bites you but does no damage.
The seven-headed hydra closely misses you.
As you read the scroll labelled LIFIWN BYUQ, it crumbles to dust.
The creatures around you are filled with an inner flame!
It was a scroll of immolation.
The seven-headed hydra bites you!
* * * LOW HITPOINT WARNING * * *
The seven-headed hydra bites you.
* * * LOW HITPOINT WARNING * * *
The seven-headed hydra closely misses you.
The seven-headed hydra barely misses you.
The seven-headed hydra bites you but does no damage.
The seven-headed hydra completely misses you.
The seven-headed hydra closely misses you.
As you read the scroll labelled TAXIBB EMUMOUZ, it crumbles to dust.
It is a scroll of identify.
l - 8 scrolls of teleportation The seven-headed hydra closely misses you.
The seven-headed hydra bites you.
* * * LOW HITPOINT WARNING * * *
The seven-headed hydra bites you but does no damage.
The seven-headed hydra barely misses you.
The seven-headed hydra bites you.
* * * LOW HITPOINT WARNING * * *
The seven-headed hydra bites you.
* * * LOW HITPOINT WARNING * * *
The seven-headed hydra bites you.
You die...
Kikubaaqudgha rasps: "You have failed me!
Welcome... death!"

#.# #.# ##.# ..#..'
#.#..# #.#..# #.#..#
#.#.@# #.#lD# ####.#..#
#......H# #######
#.##.##W# ......#
#.##.##o#
#####.####.##.##.o.HW.⌠.
#.............##.#.#....
..###########.##.#... ..


You could see a seven-headed hydra (inner flame), a manticore (inner flame), a
basilisk (inner flame), a wraith (inner flame) and 2 orcs.

Vanquished Creatures
  A steam dragon (D:8)
  2 water moccasins
  An orc warrior (D:6)
  3 ice beasts
  A sky beast (D:6)
  2 black bears
  An ogre (D:4)
  3 centaurs
  2 phantoms
  2 kobold brigands (D:6)
  2 gnoll sergeants
  2 scorpions (D:4)
  4 killer bees
  A howler monkey (D:7)
  2 jellies
  3 bombardier beetles
  4 hounds
  5 orc priests
  A gnoll bouda (D:5)
  3 iguanas
  2 sleepcaps (D:5)
  Jessica (D:2)
  Natasha (twice) (D:3)
  6 orc wizards
  11 adders
  22 gnolls
  3 shadow imps (D:7)
  2 ufetubi (D:6)
  A ribbon worm (D:2)
  A dart slug (D:2)
  10 orcs
  8 endoplasms
  3 giant cockroaches
  7 goblins
  10 hobgoblins
  9 kobolds
  2 quokkas
  3 ball pythons
  3 bats (D:2)
  A frilled lizard (D:2)
  4 rats
156 creatures vanquished.

Vanquished Creatures (collateral kills)
  An orc wizard (D:4)
  An orc (D:4)
  A hobgoblin (D:1)
3 creatures vanquished.

Grand Total: 159 creatures vanquished

Notes
Turn   | Place    | Note
-------+----------+-------------------------------------------
     0 | D:1      | PaiMei the Demonspawn Necromancer began the quest for the
                  | Orb.
     0 | D:1      | Reached XP level 1. HP: 13/13 MP: 3/3
   167 | D:1      | Gained mutation: When seriously injured, your blood forms
                  | armour. (AC +12) [demonic ancestry]
   167 | D:1      | Reached XP level 2. HP: 19/19 MP: 0/5
  1267 | D:2      | Reached XP level 3. HP: 23/24 MP: 2/6
  1271 | D:2      | Learned a level 3 spell: Vampiric Draining
  1369 | D:2      | Found Ecipeef's Armour Emporium.
  1693 | D:2      | Gained mutation: Your demonic aura sometimes causes spilled
                  | blood to erupt in flames. [demonic ancestry]
  1693 | D:2      | Reached XP level 4. HP: 30/30 MP: 2/7
  1989 | D:2      | You fall into a shaft and drop 1 floor!
  2059 | D:3      | Reached skill level 5 in Necromancy
  2247 | D:3      | Found a snail-covered altar of Cheibriados.
  2430 | D:3      | Noticed Sigmund
  2820 | D:3      | Noticed Natasha
  2836 | D:3      | Killed Natasha
  2837 | D:3      | Gained mutation: You have large cloven feet. [demonic
                  | ancestry]
  2837 | D:3      | Reached XP level 5. HP: 33/35 MP: 3/9
  3599 | D:4      | Noticed an ogre
  3626 | D:3      | Noticed Natasha
  3796 | D:2      | Learned a level 4 spell: Animate Dead
  3829 | D:2      | Noticed Jessica
  3832 | D:2      | Killed Jessica
  3969 | D:2      | Found a faded altar of an unknown god.
  4289 | D:3      | Killed Natasha
  4345 | D:4      | Killed an ogre
  4346 | D:4      | Gained mutation: You sometimes gain a little power by
                  | taking damage. [demonic ancestry]
  4346 | D:4      | Reached XP level 6. HP: 22/41 MP: 0/11
  5694 | D:5      | Entered Level 5 of the Dungeon
  5699 | D:4      | Reached skill level 6 in Necromancy
  5699 | D:4      | Gained mutation: When seriously injured, your blood forms
                  | thick armour. (AC +12) [demonic ancestry]
  5699 | D:4      | Reached XP level 7. HP: 34/46 MP: 5/12
  5960 | D:4      | Learned a level 5 spell: Curse of Agony
  6321 | D:5      | Reached skill level 1 in Fighting
  6703 | D:4      | Gained mutation: When seriously injured, your blood forms
                  | very thick armour. (AC +12) [demonic ancestry]
  6703 | D:4      | Reached XP level 8. HP: 41/56 MP: 0/14
  7218 | D:5      | Found a burning altar of Makhleb.
  7387 | D:5      | Reached skill level 7 in Necromancy
  7552 | D:5      | Reached skill level 5 in Spellcasting
  8259 | D:6      | Reached skill level 5 in Dodging
  8951 | D:6      | Found a runed translucent gate.
  8953 | D:6      | Found a runed translucent gate.
  8953 | D:6      | Noticed jimmypageman's ghost (amateur MiFi)
  9065 | D:6      | Found a runed translucent gate.
  9234 | D:6      | Found a sacrificial altar of Ru.
  9263 | D:6      | Found an ancient bone altar of Kikubaaqudgha.
  9278 | D:6      | Reached XP level 9. HP: 63/65 MP: 3/17
  9280 | D:6      | Became a worshipper of Kikubaaqudgha
  9808 | D:6      | Reached skill level 8 in Necromancy
 10074 | D:6      | Found an opulent altar of Gozag.
 10433 | D:7      | Found a shimmering blue altar of Sif Muna.
 10438 | D:7      | Found a blossoming altar of Fedhas.
 10456 | D:7      | Found a basalt altar of Yredelemnul.
 10542 | D:7      | Found a hide-covered altar of Uskayaw.
 10762 | D:7      | Reached skill level 5 in Fighting
 11458 | D:7      | Found a staircase to the Ecumenical Temple.
 11625 | D:8      | Reached * piety under Kikubaaqudgha
 11625 | D:8      | Received a gift from Kikubaaqudgha
 12454 | D:8      | Noticed a manticore
 12454 | D:8      | Noticed a seven-headed hydra
 12455 | D:8      | Noticed a troll
 12458 | D:8      | Noticed a manticore
 12466 | D:8      | Slain by a seven-headed hydra

Illustrated notes

Levels and vault maps discovered:
D:1:      lightli_molten_gateway, layout_basic, minivault_11
D:2:      layout_basic, shapermc_ecumenical_altar_petra, serial_shops, shop,
          minmay_3d_cube, uniq_jessica
D:3:      layout_loops_cross, nicolae_overflow_crystal_walls, uniq_sigmund,
          uniq_natasha
D:4:      layout_layer_cave, corexii_shack, amcnicky_mini_pool_small,
          corexii_leaking_fountain, kennysheep_dice
D:5:      layout_basic, lemuel_tele_altar, grunt_ministairs_2,
          hangedman_decor_riveting
D:6:      layout_basic, mainiacjoe_overflow_two_lobes,
          nicolae_gozag_seed_capital, gammafunk_ghost_nasty_kobolds,
          nicolae_concentric_dashed_squares_mild
D:7:      layout_gridville, mainiacjoe_overflow_alcove_1, fedhas_altar_2,
          mainiacjoe_overflow_cross_hatched, overflow_temple_1_default,
          minmay_temple_entry_waves
D:8:      minmay_klotski, layout_loops_ring, minmay_the_grid_2x2
          [minmay_the_grid_stretched_grid, minmay_the_grid_expand,
          minmay_the_grid_outer_diamond, minmay_the_grid_prize_big_room],
          uniq_psyche

Skill      XL: |  1  2  3  4  5  6  7  8  9 |
---------------+----------------------------+-----
Stealth        | 2 3 4 |  4.1
Dodging        | 2 3 4 5 6 |  6.5
Necromancy     | 5 6 7 8 |  8.8
Spellcasting   | 3 4 5 6 |  6.5
Fighting       | 2 4 5 |  5.6

Action                     |  1- 3 |  4- 6 |  7- 9 || total
---------------------------+-------+-------+-------++-------
  Melee: Hand axe          |    17 |     8 |       ||    25
         Dagger            |       |     8 |    14 ||    22
         Kick              |       |     2 |    47 ||    49
         Short sword       |       |       |   153 ||   153
         Punch             |       |       |     3 ||     3
   Cast: Necrotise         |    59 |   109 |   144 ||   312
         Vampiric Draining |       |    13 |    92 ||   105
    Use: Scroll            |       |       |     2 ||     2
 Armour: Robe              |    19 |    35 |    43 ||    97
         Leather armour    |       |       |   209 ||   209
  Dodge: Dodged            |    17 |    43 |   308 ||   368
         Repelled          |       |       |     1 ||     1
